[ AOE2 MATCH · #506261327 ]
UnrankedArmenians vs Sicilians
Player's team · LOSS
Rival team · WIN
[ REPLAY ANALYSIS · EXTRACTED FROM THE RECORDED GAME ]
Feudal
10:55
Castle
19:29
Imperial
—
| APM avg | 120.8 |
| APM peak | 276 |
| eAPM avg | 64.8 |
| Villagers / military | 184 / 87 |
Focus
⚔️ 66.7% · 🌾 33.3%
Archer ×42 · Skirmisher ×27 · Cavalry Archer ×7 · Mangonel ×5 · Militia ×3 · Monk ×2
Feudal
9:01
Castle
19:28
Imperial
—
| APM avg | 67.5 |
| APM peak | 129 |
| eAPM avg | 29.6 |
| Villagers / military | 108 / 77 |
Focus
⚔️ 40.4% · 🌾 59.6%
Archer ×51 · Knight ×25 · Mangonel ×1
Match map
Initial resources + every placement click. Lines = walls · curves = elevation contours. ◆ gold · ⬟ stone · ● berries · ✦ relic · ◌ wall gap
Your base· Open — 5t gap
Hackali's base· Open — unwalled flank
Smoothed initial terrain · ◌ = detected wall gap · hover for details
Inputs per minute
— ldx - - Hackali
Build order — ldx
First 150 of 414 actions detected
| 0:00 | Create | Villager (Male) |
| 0:00 | Create | Villager (Male) |
| 0:01 | Build | House |
| 0:02 | Build | House |
| 0:05 | Create | Villager (Male) |
| 0:07 | Create | Villager (Male) |
| 1:24 | Create | Villager (Male) |
| 2:01 | Create | Villager (Male) |
| 2:07 | Create | Villager (Male) |
| 2:13 | Build | Mule Cart |
| 2:45 | Create | Villager (Male) |
| 3:13 | Create | Villager (Male) |
| 3:14 | Create | Villager (Male) |
| 3:22 | Create | Villager (Male) |
| 3:40 | Create | Villager (Male) |
| 3:50 | Build | House |
| 4:10 | Create | Villager (Male) |
| 4:11 | Create | Villager (Male) |
| 4:12 | Create | Villager (Male) |
| 4:22 | Create | Villager (Male) |
| 4:22 | Create | Villager (Male) |
| 4:35 | Build | Barracks |
| 4:54 | Create | Villager (Male) |
| 5:18 | Build | House |
| 5:33 | Create | Militia |
| 5:34 | Create | Villager (Male) |
| 5:41 | Build | House |
| 5:45 | Create | Villager (Male) |
| 5:46 | Create | Villager (Male) |
| 5:49 | Create | Militia |
| 6:11 | Create | Militia |
| 6:18 | Create | Villager (Male) |
| 6:21 | Build | Mill |
| 6:41 | Create | Villager (Male) |
| 6:43 | Create | Villager (Male) |
| 6:46 | Create | Villager (Male) |
| 6:56 | Create | Villager (Male) |
| 7:20 | Create | Villager (Male) |
| 7:21 | Build | Farm |
| 7:37 | Create | Villager (Male) |
| 7:42 | Research | Loom |
| 7:45 | Create | Villager (Male) |
| 7:57 | Build | Mule Cart |
| 8:33 | Research | Feudal Age |
| 9:11 | Create | Villager (Male) |
| 9:11 | Create | Villager (Male) |
| 9:13 | Create | Villager (Male) |
| 9:25 | Create | Villager (Male) |
| 9:57 | Create | Villager (Male) |
| 9:59 | Build | House |
| 10:04 | Create | Villager (Male) |
| 10:06 | Build | Farm |
| 10:07 | Create | Villager (Male) |
| 10:08 | Build | Farm |
| 10:13 | Create | Villager (Male) |
| 10:25 | Create | Villager (Male) |
| 10:26 | Build | Farm |
| 10:42 | Create | Villager (Male) |
| 10:47 | Create | Villager (Male) |
| 10:49 | Build | House |
| 10:55 | Age | Feudal Age |
| 11:04 | Research | Double-Bit Axe |
| 11:04 | Research | Double-Bit Axe |
| 11:08 | Create | Villager (Male) |
| 11:09 | Create | Villager (Male) |
| 11:10 | Build | Archery Range |
| 11:14 | Create | Villager (Male) |
| 11:14 | Create | Villager (Male) |
| 11:15 | Create | Villager (Male) |
| 11:18 | Build | Palisade Wall |
| 11:23 | Create | Villager (Male) |
| 11:25 | Build | Farm |
| 11:29 | Build | House |
| 11:36 | Create | Villager (Male) |
| 11:38 | Build | Farm |
| 11:43 | Research | Horse Collar |
| 11:44 | Create | Villager (Male) |
| 11:44 | Create | Villager (Male) |
| 11:47 | Create | Villager (Male) |
| 11:56 | Build | House |
| 11:59 | Create | Archer |
| 12:01 | Create | Villager (Male) |
| 12:10 | Build | Palisade Wall |
| 12:13 | Build | Palisade Wall |
| 12:19 | Create | Villager (Male) |
| 12:21 | Build | Farm |
| 12:23 | Create | Villager (Male) |
| 12:24 | Create | Villager (Male) |
| 12:27 | Build | Palisade Wall |
| 12:27 | Create | Villager (Male) |
| 12:34 | Create | Archer |
| 12:36 | Build | Farm |
| 12:37 | Create | Villager (Male) |
| 12:40 | Create | Villager (Male) |
| 12:41 | Create | Villager (Male) |
| 12:41 | Create | Villager (Male) |
| 12:42 | Create | Villager (Male) |
| 12:46 | Create | Villager (Male) |
| 12:56 | Build | Palisade Wall |
| 12:57 | Build | Palisade Wall |
| 12:58 | Create | Villager (Male) |
| 13:02 | Create | Spearman |
| 13:05 | Create | Villager (Male) |
| 13:05 | Create | Villager (Male) |
| 13:07 | Build | Farm |
| 13:07 | Create | Villager (Male) |
| 13:09 | Create | Villager (Male) |
| 13:15 | Create | Villager (Male) |
| 13:27 | Create | Archer |
| 13:31 | Create | Archer |
| 13:41 | Create | Villager (Male) |
| 13:43 | Build | Farm |
| 13:43 | Create | Villager (Male) |
| 13:49 | Create | Archer |
| 13:49 | Create | Villager (Male) |
| 13:51 | Create | Villager (Male) |
| 13:54 | Create | Villager (Male) |
| 13:59 | Create | Archer |
| 14:03 | Create | Villager (Male) |
| 14:13 | Create | Villager (Male) |
| 14:17 | Create | Villager (Male) |
| 14:17 | Create | Villager (Male) |
| 14:28 | Build | Blacksmith |
| 14:38 | Create | Villager (Male) |
| 14:51 | Create | Villager (Male) |
| 14:53 | Build | Farm |
| 14:53 | Create | Villager (Male) |
| 14:56 | Build | House |
| 15:07 | Create | Villager (Male) |
| 15:12 | Build | Palisade Wall |
| 15:21 | Create | Archer |
| 15:26 | Create | Villager (Male) |
| 15:28 | Build | Farm |
| 15:28 | Create | Villager (Male) |
| 15:37 | Build | Mule Cart |
| 15:41 | Create | Archer |
| 16:07 | Build | Archery Range |
| 16:09 | Build | Palisade Wall |
| 16:16 | Create | Villager (Male) |
| 16:40 | Build | Farm |
| 16:49 | Research | Castle Age |
| 16:49 | Research | Castle Age |
| 16:49 | Research | Castle Age |
| 17:17 | Create | Archer |
| 17:21 | Research | Fletching |
| 17:27 | Build | Farm |
| 17:28 | Create | Villager (Male) |
| 17:41 | Research | Gold Mining |
| 17:41 | Research | Gold Mining |
| 17:43 | Create | Archer |
Build order — Hackali
First 150 of 318 actions detected
| 0:01 | Build | House |
| 0:02 | Build | House |
| 0:04 | Create | Villager (Male) |
| 0:04 | Create | Villager (Male) |
| 0:04 | Create | Villager (Male) |
| 0:25 | Create | Villager (Male) |
| 0:25 | Create | Villager (Male) |
| 1:34 | Create | Villager (Male) |
| 1:34 | Create | Villager (Male) |
| 2:09 | Create | Villager (Male) |
| 2:09 | Create | Villager (Male) |
| 2:11 | Create | Villager (Male) |
| 2:11 | Create | Villager (Male) |
| 2:37 | Create | Villager (Male) |
| 2:51 | Create | Villager (Male) |
| 2:52 | Create | Villager (Male) |
| 3:02 | Build | Lumber Camp |
| 3:29 | Create | Villager (Male) |
| 3:29 | Create | Villager (Male) |
| 3:55 | Build | House |
| 3:58 | Create | Villager (Male) |
| 4:22 | Build | House |
| 4:32 | Build | Palisade Wall |
| 5:10 | Create | Villager (Male) |
| 5:10 | Create | Villager (Male) |
| 5:31 | Build | Mill |
| 5:49 | Create | Villager (Male) |
| 5:50 | Research | Loom |
| 5:58 | Build | Palisade Wall |
| 6:15 | Build | Palisade Wall |
| 6:51 | Research | Feudal Age |
| 7:24 | Build | Palisade Wall |
| 7:29 | Build | House |
| 7:34 | Create | Villager (Male) |
| 7:40 | Build | Palisade Wall |
| 7:55 | Build | Palisade Wall |
| 8:09 | Build | Palisade Wall |
| 8:15 | Create | Villager (Male) |
| 8:44 | Build | Barracks |
| 9:01 | Age | Feudal Age |
| 9:42 | Create | Villager (Male) |
| 9:50 | Build | Palisade Wall |
| 9:52 | Research | Double-Bit Axe |
| 9:53 | Research | Horse Collar |
| 9:53 | Research | Horse Collar |
| 9:59 | Create | Villager (Male) |
| 9:59 | Create | Villager (Male) |
| 10:19 | Build | Farm |
| 10:21 | Build | Farm |
| 10:35 | Build | Farm |
| 10:42 | Create | Villager (Male) |
| 11:07 | Build | Farm |
| 11:08 | Build | Farm |
| 11:11 | Create | Villager (Male) |
| 11:16 | Create | Villager (Male) |
| 11:39 | Build | Farm |
| 11:54 | Build | Farm |
| 12:01 | Create | Villager (Male) |
| 12:19 | Build | Mining Camp |
| 12:27 | Build | Mining Camp |
| 12:38 | Create | Villager (Male) |
| 12:39 | Create | Villager (Male) |
| 12:48 | Research | Wheelbarrow |
| 13:05 | Build | House |
| 13:27 | Build | Archery Range |
| 13:50 | Build | Farm |
| 13:54 | Create | Villager (Male) |
| 14:13 | Build | House |
| 14:19 | Build | Farm |
| 14:23 | Create | Archer |
| 14:23 | Create | Archer |
| 14:46 | Build | Blacksmith |
| 14:54 | Create | Villager (Male) |
| 14:56 | Create | Archer |
| 15:05 | Build | House |
| 15:14 | Create | Archer |
| 15:20 | Build | Palisade Wall |
| 15:23 | Create | Villager (Male) |
| 15:48 | Create | Villager (Male) |
| 15:53 | Build | Archery Range |
| 16:05 | Build | Farm |
| 16:11 | Create | Archer |
| 16:24 | Create | Villager (Male) |
| 16:30 | Build | Lumber Camp |
| 16:34 | Build | House |
| 16:48 | Research | Castle Age |
| 17:06 | Build | Farm |
| 17:13 | Build | Lumber Camp |
| 17:24 | Build | Farm |
| 17:25 | Create | Archer |
| 17:26 | Create | Archer |
| 17:26 | Create | Archer |
| 17:54 | Research | Gold Mining |
| 17:54 | Research | Gold Mining |
| 17:54 | Research | Gold Mining |
| 18:08 | Research | Fletching |
| 18:13 | Build | House |
| 18:18 | Build | House |
| 18:19 | Build | House |
| 18:31 | Create | Archer |
| 18:45 | Build | House |
| 18:46 | Build | House |
| 18:51 | Create | Archer |
| 18:52 | Create | Archer |
| 18:59 | Create | Villager (Male) |
| 19:05 | Create | Archer |
| 19:10 | Create | Archer |
| 19:28 | Age | Castle Age |
| 19:56 | Research | Bodkin Arrow |
| 19:56 | Research | Crossbowman (upgrade) |
| 19:58 | Create | Villager (Male) |
| 19:59 | Create | Villager (Male) |
| 20:07 | Create | Archer |
| 20:12 | Research | Crossbowman (upgrade) |
| 20:12 | Research | Crossbowman (upgrade) |
| 20:14 | Create | Villager (Male) |
| 20:28 | Create | Archer |
| 20:28 | Create | Archer |
| 20:29 | Create | Archer |
| 20:29 | Create | Villager (Male) |
| 20:37 | Build | Town Center |
| 20:49 | Create | Villager (Male) |
| 20:57 | Create | Archer |
| 21:15 | Create | Villager (Male) |
| 21:17 | Create | Archer |
| 21:19 | Create | Archer |
| 21:19 | Create | Archer |
| 21:22 | Research | Padded Archer Armor |
| 21:22 | Research | Padded Archer Armor |
| 21:25 | Create | Villager (Male) |
| 21:25 | Create | Villager (Male) |
| 21:33 | Build | House |
| 21:33 | Build | House |
| 21:34 | Build | Palisade Wall |
| 21:39 | Create | Villager (Male) |
| 21:40 | Create | Villager (Male) |
| 21:50 | Create | Archer |
| 21:50 | Create | Archer |
| 21:52 | Create | Villager (Male) |
| 21:53 | Create | Villager (Male) |
| 22:08 | Create | Archer |
| 22:08 | Create | Archer |
| 22:08 | Create | Archer |
| 22:08 | Create | Archer |
| 22:12 | Create | Archer |
| 22:12 | Create | Archer |
| 22:16 | Create | Villager (Male) |
| 22:16 | Create | Villager (Male) |
| 22:16 | Create | Villager (Male) |
| 22:28 | Build | Farm |
Match timeline
| 4:32 | Hackali · wall_segment Palisade Wall x6 |
| 4:35 | ldx · first_building Barracks |
| 5:58 | Hackali · wall_segment Palisade Wall x10 |
| 6:15 | Hackali · wall_segment Palisade Wall x9 |
| 7:24 | Hackali · wall_segment Palisade Wall x4 |
| 7:40 | Hackali · wall_segment Palisade Wall x1 |
| 7:55 | Hackali · wall_segment Palisade Wall x7 |
| 8:09 | Hackali · wall_segment Palisade Wall x4 |
| 8:44 | Hackali · first_building Barracks |
| 9:01 | Hackali · age_up feudal |
| 9:50 | Hackali · wall_segment Palisade Wall x1 |
| 10:55 | ldx · age_up feudal |
| 11:10 | ldx · first_building Archery Range |
| 11:18 | ldx · wall_segment Palisade Wall x14 |
| 12:10 | ldx · wall_segment Palisade Wall x2 |
| 12:13 | ldx · wall_segment Palisade Wall x6 |
| 12:27 | ldx · wall_segment Palisade Wall x5 |
| 12:56 | ldx · wall_segment Palisade Wall x8 |
| 12:57 | ldx · wall_segment Palisade Wall x5 |
| 13:27 | Hackali · first_building Archery Range |
| 15:12 | ldx · wall_segment Palisade Wall x8 |
| 15:20 | Hackali · wall_segment Palisade Wall x3 |
| 16:09 | ldx · wall_segment Palisade Wall x1 |
| 19:28 | Hackali · age_up castle |
| 19:29 | ldx · age_up castle |
| 20:20 | ldx · first_building Monastery |
| 21:34 | Hackali · wall_segment Palisade Wall x1 |
| 21:57 | ldx · first_building Siege Workshop |
| 28:01 | Hackali · first_building Siege Workshop |
| 28:47 | Hackali · first_building Stable |
| 33:59 | ldx · resign |
[ AI ANALYSIS · 1 CREDIT ]
What really happened in this match?
Wolo.gg analyzes every decision: build order, eco, micro, common mistakes by bracket. Personalized analysis on WhatsApp or Discord in 30 seconds.
Civ guide
Armenians
Perfil
Jugador #21516070